 Dungeon Crawl Stone Soup version 0.30-a0-311-gf115ab0292 (webtiles) character file.

Game seed: 4026472714542154513

592 NinjaNoafa the Ducker (level 7, -9/37 HPs)
             Began as a Kobold Enchanter on Oct 25, 2022.
             Was an Initiate of Uskayaw.
             Mangled by a wight
             ... wielding a +2 great sword
              (14 damage)
             ... on level 4 of the Dungeon.
             The game lasted 00:08:14 (4307 turns).

NinjaNoafa the Ducker (Kobold Enchanter)            Turns: 4307, Time: 00:08:15

Health: -9/37      AC:  3    Str:  5    XL:     7   Next: 66%
Magic:  8/10       EV: 18    Int: 16    God:    Uskayaw [......]
Gold:   12         SH:  0    Dex: 18    Spells: 8/10 levels left

rFire   . . .      SeeInvis .    k - +1 short sword (protect)
rCold   . . .      Faith    +    (no shield)
rNeg    . . .      Spirit   .    v - +1 robe {Will+}
rPois   .          Reflect  .    (no helmet)
rElec   .          Harm     .    (no cloak)
rCorr   .          Rampage  .    (no gloves)
Will    +....                    (no boots)
Stlth   +++.......               o - amulet of faith
HPRegen 0.26/turn                (no ring)
MPRegen 0.12/turn                (no ring)

@: lethally poisoned (-9 -> -47), silenced, studying Axes
A: small, no large weapons, nightstalker 3
a: Renounce Religion


You were on level 4 of the Dungeon.
You worshipped Uskayaw.
Uskayaw was noncommittal.
You visited 1 branch of the dungeon, and saw 4 of its levels.

You collected 252 gold pieces.
You spent 240 gold pieces at shops.

Inventory:

Hand Weapons
 k - a +1 short sword of protection (weapon)
Missiles
 c - 2 boomerangs (quivered)
 e - 64 stones
Armour
 v - a +1 robe of willpower (worn)
Jewellery
 o - an amulet of faith (around neck)
Wands
 p - a wand of mindburst (9)
 q - a wand of flame (14)
 r - a wand of digging (5)
 w - a wand of charming (5)
Scrolls
 b - a scroll of torment {unknown}
 d - a scroll of fog {unknown}
 f - a scroll of enchant armour {unknown}
 g - a scroll of identify {unknown}
 h - a scroll of enchant weapon {unknown}
 m - a scroll of blinking {unknown}
 n - a scroll of poison {unknown}
 x - a scroll of immolation {unknown}
 y - a scroll of magic mapping {unknown}
 z - 2 scrolls of silence
Potions
 a - a potion of might
 i - a potion of flight {unknown}
 j - a potion of degeneration {unknown}
 s - a potion of lignification {unknown}
 t - a potion of haste {unknown}
 u - a potion of attraction {unknown}


   Skills:
 + Level 0.7 Fighting
 - Level 5.0 Short Blades
 * Level 6.9 Dodging
 - Level 5.0 Stealth
 - Level 2.1 Spellcasting
 - Level 3.0 Hexes
 - Level 3.0 Ice Magic


You had 8 spell levels left.
You knew the following spells:

 Your Spells              Type           Power      Damage    Failure   Level
a - Ensorcelled Hibernat  Hex/Ice        22%        N/A       9%          2

Your spell library contained the following spells:

 Spells                   Type           Power      Damage    Failure   Level
 Confusing Touch          Hex            11%        N/A       19%         3
 Tukima's Dance           Hex            11%        N/A       19%         3
 Blink                    Tloc           2%         N/A       30%         2
 Momentum Strike          Conj/Tloc      2%         3d8       30%         2
 Dazzling Flash           Conj/Hex       12%        N/A       32%         3
 Lesser Beckoning         Tloc           2%         N/A       52%         3


Dungeon Overview and Level Annotations

Branches:
Dungeon (4/15)
 Temple: D:4-7

Altars:
Ru
Uskayaw
Xom

Shops:
D:1 :

Annotations:
D:4 2 runed translucent doors


Innate Abilities, Weirdness & Mutations

You are small and have problems with some larger weapons.
You are completely attuned to the shadows.


Message History

The hobgoblin misses you.
Casting: Ensorcelled Hibernation (safe; 9% risk of failure)
Confirm with . or Enter, or press ? or * to list all spells.
Aiming: Ensorcelled Hibernation (safe; 9% risk of failure)
Press: ? - help, Shift-Dir - straight line, f - hobgoblin
Aim: a hobgoblin (chance to affect: 62%)
The hobgoblin looks drowsy...
The helpless hobgoblin fails to defend itself.
You impale the hobgoblin!!
You kill the hobgoblin!
You see here a hobgoblin corpse.
There is a stone staircase leading down here.
Found a +0 whip.
Could not explore, unopened runed door.
You open the large door. The gnoll bouda closely misses you.
Casting: Ensorcelled Hibernation (safe; 9% risk of failure)
Confirm with . or Enter, or press ? or * to list all spells.
Aiming: Ensorcelled Hibernation (safe; 9% risk of failure)
Press: ? - help, Shift-Dir - straight line, f - gnoll bouda
Aim: a gnoll bouda, wielding a +4 halberd of venom and wearing a +0 robe (chance to affect: 45%)
The gnoll bouda resists with some effort.
The gnoll bouda hits you from afar with a +4 halberd of venom!
You are poisoned.
As you read the scroll labelled JAWUISIH NUFICK, it crumbles to dust.
A profound silence engulfs you.
It was a scroll of silence.
You feel very sick.
The gnoll bouda hits you from afar with a +4 halberd of venom!
* * * LOW HITPOINT WARNING * * *
You are more poisoned.
The wight closely misses you.
* * * LOW HITPOINT WARNING * * *
You feel extremely sick. The gnoll bouda misses you.
The wight barely misses you.
You feel much better.
You feel very sick.
The gnoll bouda hits you from afar with a +4 halberd of venom!
* * * LOW HITPOINT WARNING * * *
You are more poisoned.
The wight hits you with a +2 great sword!
You die...

#.# ####.### #.#
#...>... #.# #.##.###
#.#### #.##.#
#....#######.##.###
#.#........#.##....
#...######...######
#..##8[[8##..#
#.@#8....8#..#
#..z......+..#
#..'g.....+..######
####..#8....8#........
#.....##8.g8##.#######
#......######.....####
#..###'# #'###.....
#.##.#.######..†##.#.#
#.#.#.##.##)##)#)#...#


You could see a gnoll bouda and a wight.

Vanquished Creatures
  A centaur (D:4)
  A jelly (D:4)
  An orc priest (D:4)
  Jessica (D:3)
  Ijyb (D:3)
  Terence (D:3)
  5 orc wizards (D:4)
  7 gnolls
  7 adders
  6 worms
  3 dart slugs
  9 orcs
  2 bats (D:1)
  6 endoplasms
  4 giant cockroaches
  9 goblins
  7 hobgoblins
  15 kobolds
  2 quokkas
  9 ball pythons
  2 frilled lizards
  7 rats
106 creatures vanquished.

Notes
Turn   | Place    | Note
-------+----------+-------------------------------------------
     0 | D:1      | NinjaNoafa the Kobold Enchanter began the quest for the
                  | Orb.
     0 | D:1      | Reached XP level 1. HP: 10/10 MP: 3/3
   158 | D:1      | Reached XP level 2. HP: 15/15 MP: 5/5
   272 | D:1      | Found Feizuntiff's Book Shoppe.
   766 | D:2      | Reached skill level 3 in Dodging
   766 | D:2      | Reached XP level 3. HP: 19/19 MP: 6/6
  1054 | D:2      | Found a faded altar of an unknown god.
  1148 | D:2      | Reached skill level 1 in Ice Magic
  1223 | D:2      | Reached XP level 4. HP: 24/24 MP: 7/7
  1326 | D:2      | Reached skill level 5 in Stealth
  1840 | D:3      | Noticed Ijyb
  1846 | D:3      | Killed Ijyb
  1847 | D:3      | Reached XP level 5. HP: 28/28 MP: 8/8
  1952 | D:3      | Noticed Terence
  1956 | D:3      | Killed Terence
  1957 | D:3      | Reached skill level 4 in Dodging
  2282 | D:3      | Noticed Jessica
  2286 | D:3      | Killed Jessica
  2475 | D:3      | Identified the +4 mace of Luni Ricwo {antimagic, rC+}
  2625 | D:3      | Reached XP level 6. HP: 29/32 MP: 9/9
  2803 | D:4      | Found a large runed translucent door.
  2804 | D:4      | Found a large runed translucent door.
  2809 | D:4      | Found a large runed translucent door.
  2962 | D:4      | Reached skill level 5 in Dodging
  2967 | D:4      | Reached skill level 5 in Short Blades
  2988 | D:4      | Reached XP level 7. HP: 10/36 MP: 10/10
  3580 | D:4      | Reached skill level 6 in Dodging
  3607 | D:4      | Learned a level 2 spell: Ensorcelled Hibernation
  3758 | D:1      | Bought a book of Spatial Translocations for 240 gold pieces
  4008 | D:4      | Found a large runed translucent door.
  4111 | D:4      | Found a shimmering altar of Xom.
  4111 | D:4      | Found a hide-covered altar of Uskayaw.
  4111 | D:4      | Found a sacrificial altar of Ru.
  4124 | D:4      | Became a worshipper of Uskayaw the Reveller
  4307 | D:4      | Mangled by a wight

Illustrated notes

Levels and vault maps discovered:
D:1:      mrwooster_arrival_statue_2, layout_loops_ring, serial_shops, shop,
          minmay_heptomino_l4
D:2:      layout_loops_corners, ebering_ecumenical_altar_rust, nicolae_wormholes
D:3:      layout_loops_ring, uniq_jessica, uniq_terence, uniq_ijyb
D:4:      layout_loops_ring, gammafunk_temple_overflow_claw,
          nicolae_eternal_life, minmay_hollow_rounded_squares

Skill      XL: |  1  2  3  4  5  6  7 |
---------------+----------------------+-----
Short Blades   | 2 3 4 5 |  5.0
Dodging        | 3 4 5 6 |  6.9
Ice Magic      | 1 2 3 |  3.0
Stealth        | 5 |  5.0
Fighting       | |  0.7
Spellcasting   | |  2.1
Hexes          | |  3.0

Action                   |  1- 3 |  4- 6 |  7- 9 || total
-------------------------+-------+-------+-------++-------
Melee: Dagger            |    23 |       |       ||    23
       Short sword       |    35 |   148 |    97 ||   280
       Punch             |       |     1 |       ||     1
Throw: Boomerang         |       |       |     3 ||     3
 Cast: Ensorcelled Hiber |       |       |     4 ||     4
Evoke: Wand              |       |       |     1 ||     1
  Use: Potion            |       |     2 |     3 ||     5
       Scroll            |       |       |     1 ||     1
 Stab: Sleeping          |    24 |    20 |     9 ||    53
       Invisible         |       |     3 |     3 ||     6
       Distracted        |       |       |     1 ||     1
Armor: Robe              |     4 |    19 |    28 ||    51
Dodge: Dodged            |    17 |    76 |    76 ||   169

Table legend: (Time is in decaauts)
 A = Elapsed time spent in this place.
 B = Non-inter-level travel time spent in this place.
 C = Inter-level travel time spent in this place.
 D = Time resting spent in this place.
 E = Time spent auto-exploring this place.
 F = Levels seen in this place.
 G = Mean time per level.
                   A        B        C        D        E       F      G
               +--------+--------+--------+--------+--------+-----+--------+
         Total |   4248 |   3824 |    424 |      0 |   3021 |   4 | 1062.0 |
       Dungeon |   4248 |   3824 |    424 |      0 |   3021 |   4 | 1062.0 |
               +--------+--------+--------+--------+--------+-----+--------+

Top non-repeatable levels by time:
     D:4: 1281 daAuts
     D:2: 1119 daAuts
     D:3: 1034 daAuts
     D:1: 812 daAuts
